 Dungeon Crawl Stone Soup version 0.25-a0-613-gf9050fa (webtiles) character file.

Game seed: 2423175318583846756, levelgen mode: deterministic

74657 Eptagon the Fighter (level 15, -9/111 HPs)
             Began as an Angel Fencer on Jan 1, 2020.
             Was the Champion of the Shining One.
             Mangled by a dire elephant (30 damage)
             ... on level 5 of the Lair of Beasts.
             The game lasted 01:18:32 (20582 turns).

Eptagon the Fighter (Angel Fencer)                 Turns: 20582, Time: 01:18:32

Health: -9/111     AC: 18    Str: 13    XL:     15   Next: 47%
Magic:  18/25      EV: 25    Int:  8    God:    the Shining One [******]
Gold:   1387       SH:  0    Dex: 32    Spells: 14/14 levels left Game modifiers: x1.5 XP

rFire    + + .     SeeInvis +   a - +0 scimitar (flame)
rCold    x . .     Gourm    .   (no shield)
rNeg     + + +     Faith    .   r - +0 fire dragon scales
rPois    +         Spirit   .   q - +1 hat
rElec    +         Reflect  .   O - scarf {repulsion}
rCorr    .         Harm     .   c - +0 pair of fencer's gloves {Riposte Dex+3}
MR       +....                  y - +0 pair of boots
Stlth    +.........             d - amulet of the acrobat
HPRegen  0.28/turn              F - +5 ring of evasion
MPRegen  0.19/turn              w - +3 ring of protection

@: flying, glowing, studying 2 skills, repel missiles
A: flight, see invisible, poison resistance, electricity resistance
a: Stop Flying, Divine Shield, Cleansing Flame, Summon Divine Warrior, Brand
Weapon With Holy Wrath, Renounce Religion


You were on level 5 of the Lair of Beasts.
You worshipped the Shining One.
The Shining One was exalted by your worship.
You were not hungry.

You visited 2 branches of the dungeon, and saw 17 of its levels.
You also visited: Trove, Sewer and Ossuary.

You collected 1387 gold pieces.

Inventory:

Hand Weapons
 a - a +0 scimitar of flaming (weapon)
Armour
 c - the +0 pair of fencer's gloves (worn) {Riposte Dex+3}

   It affects your dexterity (+3).
 q - a +1 hat (worn)
 r - +0 fire dragon scales (worn)
 y - a +0 pair of boots (worn)
 O - a scarf of repulsion (worn)
Magical Staves
 g - an uncursed staff of energy
Jewellery
 d - an amulet of the acrobat (around neck)
 w - a +3 ring of protection (right hand)
 F - a +5 ring of evasion (left hand)
Wands
 n - a wand of iceblast (7)
 x - a wand of flame (14)
 C - a wand of paralysis (14)
 D - a wand of scattershot (2)
 G - a wand of acid (2)
 I - a wand of digging (3)
 Q - a wand of disintegration (17)
Scrolls
 i - 3 scrolls of immolation
 l - 7 scrolls of remove curse
 m - 8 scrolls of teleportation
 p - 6 scrolls of blinking
 v - a scroll of enchant armour {unknown}
 A - 4 scrolls of enchant weapon
 H - a scroll of fear
 J - a scroll of summoning {unknown}
 K - a scroll of vulnerability {unknown}
 L - 7 scrolls of magic mapping
 N - a scroll of random uselessness {unknown}
 R - 7 scrolls of identify
 T - 2 scrolls of fog
 W - a scroll of brand weapon {unknown}
Potions
 e - 3 potions of curing
 h - 2 potions of lignification
 j - a potion of magic
 k - 4 potions of cancellation
 o - a potion of mutation
 s - 3 potions of brilliance {unknown}
 t - a potion of heal wounds
 u - 2 potions of resistance
 z - a potion of berserk rage
 M - a potion of invisibility {unknown}
 P - 3 potions of might {unknown}
 U - a potion of haste {unknown}
Books
 B - a manual of Invocations
 S - a manual of
Armour
 V - a manual of Armour
Comestibles
 b - 13 chunks of flesh
 f - 31 rations


   Skills:
 * Level 13.4 Fighting
   Level 1.3(6.0) Short Blades
 + Level 9.4 Long Blades
 + Level 9.7 Armour
 + Level 12.9 Dodging
 + Level 13.3 Invocations
 + Level 7.6 Evocations


You had 14 spell levels left.
You didn't know any spells.
Your spell library contained the following spells:

 Spells                   Type           Power        Failure   Level  Hunger
 Beastly Appendage        Tmut           #.....       90%         1    ##.....
 Corona                   Hex            #......      90%         1    ##.....
 Foxfire                  Conj/Fire      #...         90%         1    ##.....
 Magic Dart               Conj           #...         90%         1    ##.....
 Blink                    Tloc           N/A          97%         2    ###....
 Call Imp                 Summ           #.......     97%         2    ###....
 Ensorcelled Hibernation  Hex/Ice        #.....       97%         2    ###....
 Slow                     Hex            #.......     97%         2    ###....
 Sticks to Snakes         Tmut           #.......     97%         2    ###....
 Confuse                  Hex            #.......     99%         3    ####...
 Conjure Flame            Conj/Fire      #.......     99%         3    ####...
 Dazzling Flash           Conj/Hex       #.....       99%         3    ####...
 Inner Flame              Hex/Fire       #.......     99%         3    ####...
 Mephitic Cloud           Conj/Pois/Air  #.......     99%         3    ####...
 Spider Form              Tmut/Pois      #.........   99%         3    ####...
 Tukima's Dance           Hex            #.......     99%         3    ####...
 Ice Form                 Ice/Tmut       #.......     100%        4    #####..
 Sticky Flame             Conj/Fire      #.......     100%        4    #####..
 Blade Hands              Tmut           #.........   100%        5    ######.
 Fireball                 Conj/Fire      #.........   100%        5    ######.


Dungeon Overview and Level Annotations

Branches:
Dungeon (12/15)            Temple (0/1) D:4            Lair (5/6) D:11
 Shoals (0/4) Lair:2        Snake (0/4) Lair:4          Orc (0/2) D:9
  Sewer (visited)         Ossuary (visited)
  Slime: Lair:5-6

Altars:
Gozag
Trog
Beogh

Shops:
D:7 [

Annotations:
D:10 2 runed translucent doors, Hicwag's ghost, journeyman BaFi


Innate Abilities, Weirdness & Mutations

You can fly at any time.
You have supernaturally acute eyesight. (SInv)
Your system is resistant to poisons. (rPois)
You are resistant to electric shocks. (rElec)


Message History

The bolt of acid hits the dire elephant!
The dire elephant is splashed with acid!
The acid corrodes the dire elephant!
The dire elephant is heavily wounded.
Your angel hits the dire elephant with a +2 whip of holy wrath!!
Your angel barely misses the dire elephant.
Evoke which item? (* to show all) (? for menu, Esc to quit)
Aiming: Corrosive Bolt
Press: ? - help, Shift-Dir - straight line, f/p - dire elephant
Aim: a dire elephant (severely wounded, covered in acid, haloed)
The bolt of acid hits the dire elephant!!
The dire elephant is splashed with acid.
The acid corrodes the dire elephant!
The dire elephant is moderately wounded.
The bolt of acid hits the dire elephant!!
The dire elephant is splashed with acid.
The dire elephant seems to be corroded for longer.
The dire elephant is almost dead.
The dire elephant tramples you!!
You die...

≈..P≈≈≈≈≈≈≈♣ ##≈≈≈#
≈≈.≈≈≈≈≈≈≈≈♣##≈≈≈≈#
≈≈≈≈≈≈♣♣P≈≈♣##≈##♣#
≈≈≈≈≈≈♣♣≈≈≈♣.#≈≈##
≈≈≈≈≈≈♣≈≈≈♣.##≈A≈##
≈≈≈≈P≈♣≈≈≈♣♣###≈≈≈#
≈≈≈≈.P♣♣P≈≈♣ #8Y≈#
≈..).♣♣♣≈≈♣# #8Y≈#
.....♣♣♣≈≈≈# ##≈@≈#
....♣♣♣P≈≈≈# #≈≈≈##
...P♣ ♣P≈≈≈♣ #≈≈###
.P♣♣♣ ♣♣P≈≈♣ #≈≈#.#
.P♣ ♣≈≈≈♣##≈≈≈≈#
♣♣♣ ♣≈≈≈≈#÷≈≈≈≈# ♣
♣♣♣ ♣♣≈≈≈'P≈≈≈≈#
♣♣♣♣.♣♣♣♣♣♣♣#######
♣.♣...♣.♣


You could see 2 dire elephants and a friendly angel.

Vanquished Creatures
  Gastronok (D:8)
  The ghost of Bolunijamo the Blocker, a journeyman AsFi of Okawaru (Lair:5)
  A fire dragon (Lair:5)
  Josephine (Lair:5)
  Fannar (D:10)
  Harold (D:10)
  4 hydras
  Erica (D:8)
  3 two-headed ogres
  Sonja (Lair:5)
  A wizard (D:11)
  An unseen horror (D:11)
  Pikel (D:8)
  An ugly thing (D:11)
  Maurice (D:8)
  An elephant (Lair:5)
  Joseph (D:9)
  A water nymph (shapeshifter) (D:10)
  2 black mambas
  A gargoyle (D:11)
  A merfolk siren (Lair:2)
  Psyche (D:10)
  6 spiny frogs
  4 kobold demonologists (D:11)
  13 rime drakes (Lair:5)
  3 komodo dragons
  3 polar bears (D:8)
  2 hornets
  A troll (D:10)
  3 blink frogs (Lair:2)
  A dream sheep (Lair:5)
  10 hippogriffs
  3 wraiths (Lair:5)
  2 wyverns
  42 yaks
  Grum (D:8)
  2 basilisks
  8 steam dragons (Lair:5)
  2 nagas (Lair:4)
  6 water moccasins
  6 porcupines
  A water moccasin (shapeshifter) (D:10)
  3 black bears
  8 orc warriors
  A hornet zombie (D:6)
  2 phantoms
  2 sky beasts
  8 ice beasts
  9 ogres
  A necrophage (D:10)
  18 wolves
  5 centaurs
  11 crocodiles
  An elf zombie (Ossuary)
  10 bullfrogs
  2 big kobolds
  A wyvern zombie (D:9)
  2 scorpions
  5 killer bees
  A water moccasin skeleton (D:8)
  7 wights
  4 howler monkeys
  2 electric eels
  3 crimson imps
  5 jellies
  2 quasits
  A bullfrog zombie (D:11)
  2 centaur zombies
  4 hounds
  A bullfrog skeleton (D:10)
  7 orc priests
  A centaur skeleton (D:6)
  2 iguanas
  10 orc wizards
  8 hell rats (Lair:3)
  7 worker ants
  A big kobold zombie (Ossuary)
  2 bullfrog simulacra
  2 hound zombies (D:10)
  A hound skeleton (D:4)
  2 mummies (Ossuary)
  A howler monkey zombie (D:10)
  A killer bee simulacrum (D:9)
  2 worker ant zombies
  7 gnolls
  17 adders
  A hound simulacrum (D:9)
  10 river rats (Lair:3)
  3 white imps
  A howler monkey simulacrum (D:9)
  A worker ant simulacrum (D:9)
  5 ufetubi (D:9)
  An ooze (D:3)
  An adder zombie (D:10)
  4 adder skeletons
  4 worms
  An adder simulacrum (D:9)
  2 dart slugs
  14 leopard geckos
  58 orcs
  3 ball pythons
  2 bats
  16 giant cockroaches
  8 goblins
  12 hobgoblins
  9 jackals
  22 kobolds
  12 quokkas
  13 frilled lizards
  4 gnoll zombies (Ossuary)
  3 hobgoblin zombies (Ossuary)
  2 jackal skeletons
  4 orc zombies (Ossuary)
  A quokka skeleton (D:6)
  A quokka zombie (D:5)
  29 rats
586 creatures vanquished.

Vanquished Creatures (collateral kills)
  Erolcha (D:10)
  2 hydras (Lair:5)
  3 death yaks (Lair:5)
  A catoblepas (Lair:5)
  A two-headed ogre (D:10)
  3 black mambas (Lair:5)
  2 torpor snails (Lair:5)
  A spiny frog (Lair:5)
  A rime drake (Lair:5)
  A dream sheep (Lair:5)
  A hippogriff (D:10)
  A wraith (Lair:5)
  A steam dragon (Lair:5)
  A water moccasin (Lair:5)
  2 necrophages (D:10)
  A wolf (Lair:5)
  2 phantoms (D:10)
  2 crocodiles (Lair:5)
  A wight (D:10)
  A crimson imp (D:10)
29 creatures vanquished.

Vanquished Creatures (others)
  A rime drake (Lair:5)
  A porcupine (Lair:5)
  2 slaves (D:8)
  4 fungi
  2 plants (Lair:5)
  8 toadstools (Lair:5)
18 creatures vanquished.

Grand Total: 633 creatures vanquished

Notes
Turn   | Place    | Note
-------+----------+-------------------------------------------
     0 | D:1      | Eptagon the Angel Fencer began the quest for the Orb.
     0 | D:1      | Reached XP level 1. HP: 13/13 MP: 1/1
    52 | D:1      | Reached XP level 2. HP: 15/18 MP: 2/2
   699 | D:1      | Reached XP level 3. HP: 23/23 MP: 3/3
   847 | D:1      | Reached skill level 1 in Invocations
  1312 | D:2      | Reached XP level 4. HP: 26/29 MP: 4/4
  1490 | D:2      | Upgraded the game from 0.25-a0-601-g772be7b to
                  | 0.25-a0-609-g0fc5b61
  1528 | D:2      | Reached skill level 1 in Armour
  1582 | D:2      | Reached XP level 5. HP: 33/35 MP: 6/6
  2039 | D:3      | Reached ** piety under the Shining One
  2098 | D:3      | Reached XP level 6. HP: 26/42 MP: 7/7
  2265 | D:3      | Found a glowing drain.
  2297 | Sewer    | Entered a sewer
  2560 | Sewer    | Gained mutation: You are resistant to electric shocks.
                  | (rElec) [Angel growth]
  2560 | Sewer    | Reached XP level 7. HP: 38/47 MP: 9/9
  3097 | D:3      | Found a faded altar of an unknown god.
  3769 | D:4      | Reached skill level 1 in Long Blades
  3793 | D:4      | Found a staircase to the Ecumenical Temple.
  3834 | D:4      | Reached XP level 8. HP: 41/54 MP: 11/11
  4034 | D:4      | Reached skill level 5 in Fighting
  4810 | D:5      | Entered Level 5 of the Dungeon
  4834 | D:5      | Found an opulent altar of Gozag.
  5099 | D:5      | Reached skill level 5 in Invocations
  5151 | D:5      | Reached XP level 9. HP: 48/62 MP: 12/12
  5401 | D:6      | Reached *** piety under the Shining One
  6003 | D:3      | HP: 2/63 [orc warrior/+0 long sword (15)]
  7104 | D:6      | You fall into a shaft and drop 1 floor!
  7167 | D:7      | Noticed a hornet
  7192 | D:7      | Killed a hornet
  7192 | D:7      | Reached XP level 10. HP: 71/71 MP: 14/14
  7335 | D:7      | Reached **** piety under the Shining One
  7359 | D:7      | Found a sand-covered staircase.
  7365 | Ossuary  | Entered an ossuary
  7484 | D:7      | Found Kauloc's Antique Armour Shoppe.
  7604 | D:7      | Found a flagged portal.
  8295 | D:4      | Got an ebony short sword
  8297 | D:4      | Identified the cursed +2 short sword "Luta Amenach" {holy,
                  | rN++ Stlth-} (You found it on level 4 of the Dungeon)
  8388 | D:6      | Found a bloodstained altar of Trog.
  8587 | D:8      | Noticed Erica
  8590 | D:8      | Reached skill level 1 in Evocations
  8604 | D:8      | Killed Erica
  8604 | D:8      | Reached skill level 5 in Armour
  8760 | D:8      | Noticed Gastronok
  8784 | D:8      | Killed Gastronok
  8784 | D:8      | Reached skill level 5 in Long Blades
  8784 | D:8      | Reached XP level 11. HP: 45/78 MP: 15/17
  8927 | D:8      | Noticed Grum
  8944 | D:8      | Killed Grum
  8997 | D:8      | Noticed Pikel
  9009 | D:8      | Killed Pikel
  9243 | D:8      | Noticed Maurice
 10304 | D:8      | Killed Maurice
 10304 | D:8      | Reached skill level 10 in Dodging
 10349 | D:9      | Reached ***** piety under the Shining One
 10363 | D:9      | Noticed Joseph
 11537 | D:9      | Killed Joseph
 11685 | D:9      | Reached XP level 12. HP: 83/87 MP: 18/18
 11905 | D:9      | Found a roughly hewn altar of Beogh.
 11905 | D:9      | Found a staircase to the Orcish Mines.
 11912 | D:9      | Reached skill level 10 in Fighting
 12240 | D:10     | Entered Level 10 of the Dungeon
 12309 | D:10     | Noticed Psyche
 12315 | D:10     | Killed Psyche
 12319 | D:10     | Found a large runed translucent door.
 12321 | D:10     | Found a large runed translucent door.
 12323 | D:10     | Noticed Hicwag's ghost (journeyman BaFi)
 12551 | D:10     | Noticed Harold
 12591 | D:10     | Killed Harold
 12985 | D:10     | Noticed a two-headed ogre
 13020 | D:10     | Killed a two-headed ogre
 13031 | D:10     | Noticed Fannar
 13039 | D:10     | Killed Fannar
 13057 | D:10     | Noticed Erolcha
 13062 | D:10     | Killed Erolcha
 13062 | D:10     | Reached skill level 10 in Invocations
 13093 | D:10     | Noticed a two-headed ogre
 13095 | D:10     | Reached ****** piety under the Shining One
 13100 | D:10     | Killed a two-headed ogre
 13100 | D:10     | Reached skill level 5 in Evocations
 13181 | D:10     | Reached XP level 13. HP: 77/94 MP: 20/20
 13228 | D:10     | Found a runed translucent door.
 13550 | D:10     | Got a warped robe
 13555 | D:10     | Got a heavily runed chain mail
 13566 | D:10     | Identified the cursed +1 chain mail of Incorporation
                  | {*Drain *Slow rN+ Dex+10} (You found it on level 10 of the
                  | Dungeon)
 13569 | D:10     | Got a heavily runed granite ring
 13574 | D:10     | Identified the ring "Hikoh" {+Fly rF- rN++ Dex+5} (You
                  | found it on level 10 of the Dungeon)
 14480 | D:11     | Found a portal to a secret trove of treasure.
 14917 | D:11     | Found a staircase to the Lair.
 15409 | Lair:1   | Entered Level 1 of the Lair of Beasts
 15801 | Lair:1   | Reached XP level 14. HP: 94/103 MP: 22/22
 16991 | Lair:2   | Found a staircase to the Shoals.
 17419 | Lair:3   | Upgraded the game from 0.25-a0-609-g0fc5b61 to
                  | 0.25-a0-613-gf9050fa
 18397 | D:11     | You paid a toll of 6 potions of agility to enter a treasure
                  | trove
 18398 | Trove    | Entered a treasure trove
 18592 | Lair:4   | Found a staircase to the Snake Pit.
 19436 | Lair:5   | Noticed Josephine
 19445 | Lair:5   | Noticed Sonja
 19453 | Lair:5   | Killed Josephine
 19453 | Lair:5   | Reached XP level 15. HP: 27/110 MP: 19/24
 19461 | Lair:5   | Killed Sonja
 19537 | Lair:5   | HP: 5/111 [fire dragon (6)]
 19566 | Lair:5   | HP: 5/111 [steam dragon/ball of steam (15)]
 19905 | Lair:5   | Found a runed translucent gate.
 19905 | Lair:5   | Found a runed translucent gate.
 19905 | Lair:5   | Found a runed translucent gate.
 19906 | Lair:5   | Noticed Bolunijamo's ghost (journeyman AsFi)
 19972 | Lair:5   | Killed Bolunijamo's ghost
 20516 | Lair:5   | Found a runed translucent door.
 20582 | Lair:5   | Mangled by a dire elephant

Levels and vault maps discovered:
D:1:      minmay_arrival_diagonal_passages, layout_basic,
          grunt_decor_mini_mirrors, minmay_circled_x
D:2:      layout_loops_corners, minmay_bisected
D:3:      layout_rooms, gup_sewer_entry_pipe, first_ration,
          chequers_ecumenical_altar_simple_redux, kennysheep_generic_room_6
D:4:      layout_basic, minmay_temple_entry_tees, minmay_diced_spiral
D:5:      layout_rooms, grunt_gozag_statues
D:6:      layout_gridville, trog_hazing_becter
D:7:      layout_layer_cave, lightli_ossuary_entry_decrepit_ruins, serial_shops,
          shop, enter_bailey_1, minmay_misc_feat_tiny
D:8:      kennysheep_spiral_hall, layout_cave_pods, uniq_maurice, uniq_erica,
          uniq_gastronok, uniq_pikel, uniq_grum
D:9:      layout_cave_pools, david_orc_5, serial_ice, serial_ice_h,
          serial_ice_i, serial_ice_o, serial_ice_c, serial_ice_b, serial_ice_a,
          serial_ice_d, grunt_pizzeria, uniq_joseph
D:10:     minmay_the_grid_triangle_9x9_rhombus_full
          [minmay_the_grid_triangle_9x9_checkered,
          minmay_the_grid_triangle_9x9_longest,
          minmay_the_grid_triangle_9x9_sparse_checkered,
          minmay_the_grid_triangle_9x9_cache,
          minmay_the_grid_triangle_9x9_subtriangle,
          minmay_the_grid_triangle_9x9_corrupted_corridor,
          minmay_the_grid_triangle_9x9_flanged_cone,
          minmay_the_grid_triangle_9x9_prize_top_heavy], layout_irregular_city,
          serial_undead, serial_undead_c, serial_undead_e, serial_undead_a,
          serial_undead_d, ebering_ghost_disaster_area, uniq_harold,
          uniq_fannar, uniq_erolcha, uniq_psyche
D:11:     layout_rooms, lair_entry_dummy, enter_trove_1
D:12:     layout_loops_cross, minmay_fractal_squares_5
Lair:1:   layout_regular_city
Lair:2:   layout_roguey, elwin_shoals_entry_rooms, grunt_megastairs_2
Lair:3:   lemuel_ratsnest, layout_long_grid
Lair:4:   layout_regular_city, guppyfry_snake_entry_garden, serial_bayou_pond_c
Lair:5:   gammafunk_lair_enchanted_lake, layout_regular_city,
          gammafunk_ghost_split, st_stairs_11, bobbens_dragon_lair_wall,
          infiniplex_staircase_pool_2, uniq_sonja, uniq_josephine

Skill      XL: |  1  2  3  4  5  6  7  8  9 10 11 12 13 14 15 |
---------------+----------------------------------------------+-----
Invocations    | 1 2 3 4 5 6 8 9 10 11 12 13 | 13.3
Fighting       | 2 3 4 5 7 8 9 10 12 13 | 13.4
Armour         | 1 2 3 4 5 6 7 9 |  9.7
Dodging        | 7 8 9 10 11 12 | 12.9
Long Blades    | 1 2 3 5 6 7 8 9 |  9.4
Evocations     | 2 3 5 6 7 |  7.6
Short Blades   | |  1.3

Action                   |  1- 3 |  4- 6 |  7- 9 | 10-12 | 13-15 || total
-------------------------+-------+-------+-------+-------+-------++-------
Melee: Rapier            |    77 |   186 |   369 |       |       ||   632
       Long sword        |       |       |    27 |    77 |       ||   104
       Scimitar          |       |       |       |   342 |   648 ||   990
       Short sword       |       |       |       |     5 |     6 ||    11
Invok: Divine Shield     |       |       |       |     1 |     2 ||     3
       Summon Divine War |       |       |       |     1 |     2 ||     3
       Cleansing Flame   |       |       |       |       |     7 ||     7
 Abil: Fly               |       |       |       |     1 |       ||     1
Evoke: Wand              |       |       |    20 |    13 |     8 ||    41
  Use: Scroll            |       |     1 |     9 |    11 |     5 ||    26
       Potion            |       |       |     1 |       |     4 ||     5
  Eat: Chunk             |     1 |     5 |     9 |    17 |    21 ||    53
       Ration            |       |       |     2 |     1 |     2 ||     5
Armor: Robe              |     1 |       |       |       |       ||     1
       Scale mail        |    17 |    63 |    19 |       |       ||    99
       Ring mail         |       |       |    52 |   133 |    96 ||   281
       Skin              |       |       |    47 |       |       ||    47
       Chain mail        |       |       |       |       |    64 ||    64
       Fire dragon scale |       |       |       |       |    39 ||    39
Dodge: Dodged            |    68 |   146 |   411 |   791 |  1142 ||  2558
       Deflected         |       |       |       |       |    11 ||    11
Block: Other             |       |       |       |    22 |    39 ||    61
       Rpst.: Rapier     |    15 |    36 |   120 |       |       ||   171
       Long sword        |       |       |    23 |    57 |       ||    80
       Scimitar          |       |       |       |   302 |   568 ||   870
       Short sword       |       |       |       |       |     1 ||     1

Table legend:
 A = Non-vault XP
 B = Vault XP
 C = Vault XP percentage of total XP
 D = Non-vault monster count
 E = Vault monster count
 F = Vault count percentage of total count
                 A         B        C        D         E       F
            +---------+---------+-------+---------+---------+-------
      Total |   58949 |   47705 |  44.7 |     378 |     238 |  38.6
            +---------+---------+-------+---------+---------+-------
        D:1 |      57 |      10 |  14.9 |      24 |       4 |  14.3
        D:2 |     124 |       4 |   3.1 |      24 |       2 |   7.7
        D:3 |     336 |      34 |   9.2 |      39 |      10 |  20.4
        D:4 |     825 |      70 |   7.8 |      26 |       3 |  10.3
        D:5 |    1111 |       0 |   0.0 |      14 |       0 |   0.0
        D:6 |    1412 |      18 |   1.3 |      26 |       6 |  18.8
        D:7 |    1317 |       0 |   0.0 |      12 |       0 |   0.0
        D:8 |     867 |    8658 |  90.9 |      25 |      15 |  37.5
        D:9 |    2298 |    3232 |  58.4 |      25 |      45 |  64.3
       D:10 |    4059 |   10523 |  72.2 |      20 |      36 |  64.3
       D:11 |   14338 |       0 |   0.0 |      44 |       0 |   0.0
       D:12 |      63 |     471 |  88.2 |       1 |       2 |  66.7
     Lair:1 |    4451 |       0 |   0.0 |      15 |       0 |   0.0
     Lair:2 |    7526 |     663 |   8.1 |      23 |       1 |   4.2
     Lair:3 |    3101 |    2256 |  42.1 |       8 |      39 |  83.0
     Lair:4 |    3614 |     480 |  11.7 |      15 |       2 |  11.8
     Lair:5 |   13450 |   20584 |  60.5 |      37 |      41 |  52.6
      Sewer |       0 |     379 | 100.0 |       0 |      16 | 100.0
    Ossuary |       0 |     323 | 100.0 |       0 |      16 | 100.0
            +---------+---------+-------+---------+---------+-------
